 Dungeon Crawl Stone Soup version 0.30.1-3-gfc49f6343a (webtiles) character file.

Game seed: 14071081297904456434

569 Ethylacetat the Firebug (level 7, -1/41 HPs)
             Began as an Octopode Fire Elementalist on July 29, 2023.
             Killed themself with a badly aimed concussive blast (13 damage)
             ... on level 3 of the Dungeon.
             The game lasted 00:32:12 (2026 turns).

Ethylacetat the Firebug (OpFE)                      Turns: 2026, Time: 00:32:42

Health: -1/41      AC:  1    Str:  8    XL:     7   Next: 33%
Magic:  4/13       EV: 13    Int: 19    God:
Gold:   188        SH:  0    Dex: 12    Spells: 6/14 levels left

rFire   . . .        d - +1 short sword (venom)
rCold   . . .        (no shield)
rNeg    . . .        (helmet restricted)
rPois   .            n - amulet of regeneration
rElec   .            (no ring)
rCorr   .            (no ring)
SInv    .            (no ring)
Will    .....        (no ring)
Stlth   +++          (no ring)
HPRegen 1.06/turn    (no ring)
MPRegen 0.13/turn    (no ring)
                     (no ring)

%: no passive effects
@: no status effects
A: almost no armour, amphibious, 8 rings, camouflage 1, gelatinous body 1,
(nimble swimmer 1), tentacles
a: no special abilities


You were on level 3 of the Dungeon.
You visited 1 branch of the dungeon, and saw 3 of its levels.
You also visited: Sewer.

You collected 188 gold pieces.

Inventory:

Hand Weapons
 c - a +1 dagger of flaming
 d - a +1 short sword of venom (weapon)
Jewellery
 n - an amulet of regeneration (around mantle)
Wands
 r - a wand of digging (1)
Scrolls
 b - 2 scrolls of enchant armour {unknown}
 e - 2 scrolls of teleportation {unknown}
 f - a scroll of immolation {unknown}
 g - a scroll of silence {unknown}
 h - a scroll of summoning {unknown}
 i - 3 scrolls of identify {unknown}
 j - a scroll of enchant weapon {unknown}
 k - a scroll of noise {unknown}
 l - 2 scrolls of blinking {unknown}
 m - a scroll of fog {unknown}
 o - a scroll of poison {unknown}
Potions
 a - 2 potions of magic
 p - a potion of heal wounds {unknown}
 q - a potion of brilliance {unknown}
 s - a potion of cancellation {unknown}
 t - 2 potions of haste {unknown}
 u - a potion of invisibility {unknown}


   Skills:
 - Level 2.6 Dodging
 - Level 3.6 Stealth
 + Level 4.2 Spellcasting
 + Level 4.1 Conjurations
 + Level 5.0 Fire Magic


You had 6 spell levels left.
You knew the following spells:

 Your Spells              Type           Power      Damage    Failure   Level
a - Foxfire               Conj/Fire      84%        2x1d8     1%          1
b - Volatile Blastmotes   Fire/Tloc      26%        2d12      14%         3
c - Flame Wave            Conj/Fire      21%        2d8       21%         4

Your spell library contained the following spells:

 Spells                   Type           Power      Damage    Failure   Level
 Scorch                   Fire           46%        2d6       2%          2
 Inner Flame              Hex/Fire       13%        N/A       14%         3


Dungeon Overview and Level Annotations

Branches:
Dungeon (3/15)              Sewer (visited)

Altars:

Annotations:
D:3 1 transporter, Plopball's ghost, amateur KoBr


Innate Abilities, Weirdness & Mutations

You cannot wear most types of armour.
You are amphibious.
You can wear up to eight rings at the same time.
Your skin changes colour to match your surroundings (Stealth+).
Your rubbery body absorbs attacks. (AC +1, EV +1)
((You are camouflaged when in or above water. (Stealth+)))
You have tentacles for arms and can constrict up to eight enemies at once.


Message History

The frilled lizard bites you. The dart slug launches a dart at you.
The slug dart misses you. The bat misses you.
You hit the dart slug.
The dart slug is poisoned.
You grab the dart slug. You squeeze the dart slug.
You kill the dart slug!
The bat barely misses you. The frilled lizard bites you.
Plopball's ghost hits you.
You hit the bat.
The bat is poisoned.
Your grab misses the bat. Your squeeze misses the bat.
The bat is severely wounded.
You kill the bat!
Plopball's ghost hits you. The frilled lizard bites you.
You completely miss the frilled lizard. Your grab misses the frilled lizard.
You squeeze the frilled lizard.
You kill the frilled lizard!
Plopball's ghost hits you but does no damage.
You miss Plopball's ghost.
Plopball's ghost is moderately damaged.
Plopball's ghost hits you.
Casting: Flame Wave (quite dangerous; 21% risk of failure)
Confirm with . or Enter, or press ? or * to list all spells.
There's already a cloud here!
The cloud of blastmotes explodes!
The concussive blast engulfs Plopball's ghost!
Plopball's ghost is severely damaged.
The concussive blast engulfs you!
* * * LOW HITPOINT WARNING * * *
You are knocked back by the blast.
Casting: Volatile Blastmotes (dangerous; 14% risk of failure)
Confirm with . or Enter, or press ? or * to list all spells.
A cloud of volatile blastmotes flares up around you!
Plopball's ghost attacks as you move away!
Plopball's ghost hits you.
* * * LOW HITPOINT WARNING * * *
The cloud of blastmotes explodes!
The concussive blast engulfs Plopball's ghost.
Plopball's ghost is severely damaged.
The concussive blast engulfs you!
You die...

.........#########. ...
#######.#
..#####...............
......... ..#
#...............#
......#.) ..#
#...#########...#
####..... ..##
#..##.......##..# #.####
>..# #.[#8.......8#..#
#. .#.#
#..#.......$.#..# #
.#.###..#...†[†..$#..##
.......©#....©.W@!#©..#
...#....#...)..?.$#.....
##.#.#..#.........#..###
#.#.#..#8.......8#..#
#.#.#..##......©##..#
##.#.#.$.#########...#
##.#.#...............#
##.#.##.............##
##.#.##.#


You could see Plopball's ghost.

Vanquished Creatures
  Grinder (Sewer)
  A kobold brigand (Sewer)
  2 quasits (Sewer)
  An orc priest (D:3)
  Robin (D:3)
  2 adders (D:2)
  A river rat (D:3)
  2 shadow imps (Sewer)
  4 ufetubi (Sewer)
  A worm (D:3)
  2 dart slugs
  3 orcs (D:3)
  5 ball pythons
  5 endoplasms
  2 giant cockroaches
  17 goblins
  7 hobgoblins
  3 jackals (D:1)
  4 quokkas
  9 bats
  2 frilled lizards
  23 kobolds
  A kobold zombie (Sewer)
  11 rats
110 creatures vanquished.

Vanquished Creatures (others)
  An orc wizard (D:3)
  2 endoplasms (Sewer)
  A kobold zombie (Sewer)
  36 foxfires
40 creatures vanquished.

Grand Total: 150 creatures vanquished

Notes
Turn   | Place    | Note
-------+----------+-------------------------------------------
     0 | D:1      | Ethylacetat the Octopode Fire Elementalist began the quest
                  | for the Orb.
     0 | D:1      | Reached XP level 1. HP: 11/11 MP: 3/3
   128 | D:1      | Reached XP level 2. HP: 10/17 MP: 5/5
   409 | D:1      | Reached XP level 3. HP: 21/21 MP: 3/6
   445 | D:1      | Found a faded altar of an unknown god.
   631 | D:2      | Reached XP level 4. HP: 27/27 MP: 7/7
  1296 | D:3      | Noticed Robin
  1381 | D:3      | Killed Robin
  1464 | D:3      | Found a glowing drain.
  1484 | D:3      | Reached XP level 5. HP: 31/31 MP: 9/9
  1491 | Sewer    | Entered a sewer
  1630 | Sewer    | Found a burning altar of Makhleb.
  1642 | Sewer    | Reached skill level 4 in Fire Magic
  1651 | Sewer    | Noticed Grinder
  1680 | Sewer    | Paralysed by Grinder for 5 turns
  1688 | Sewer    | Killed Grinder
  1689 | Sewer    | Reached XP level 6. HP: 27/36 MP: 4/11
  1716 | Sewer    | Reached XP level 7. HP: 41/41 MP: 4/12
  1867 | D:3      | Reached skill level 5 in Fire Magic
  1916 | D:3      | Found a transporter.
  1922 | D:3      | Noticed Plopball's ghost (amateur KoBr)
  2005 | D:3      | Learned a level 3 spell: Volatile Blastmotes
  2010 | D:3      | Learned a level 4 spell: Flame Wave
  2012 | D:3      | Found a transporter.
  2026 | D:3      | Killed themself with a badly aimed concussive blast

Illustrated notes

Levels and vault maps discovered:
D:1:      tarquinn_simple_flora_water_d, layout_basic,
          shapermc_ecumenical_altar_mp_ritualfount, minmay_tetromino_l4
D:2:      layout_basic
D:3:      layout_loops_ring, gammafunk_ghost_arena, portal_sewer_entry_c,
          minmay_distorted, uniq_robin

Skill      XL: |  1  2  3  4  5  6  7 |
---------------+----------------------+-----
Stealth        | 3 |  3.6
Conjurations   | 2 3 4 |  4.1
Spellcasting   | 3 4 |  4.2
Fire Magic     | 4 5 |  5.0
Dodging        | |  2.6

Action                     |  1- 3 |  4- 6 |  7- 9 || total
---------------------------+-------+-------+-------++-------
  Melee: Unarmed           |    24 |       |       ||    24
         Constrict         |    27 |    19 |     7 ||    53
         Tentacles         |    19 |    21 |     8 ||    48
         Dagger            |    25 |       |       ||    25
         Short sword       |    46 |    97 |    32 ||   175
         Punch             |     1 |     1 |     1 ||     3
   Cast: Foxfire           |     3 |    12 |     5 ||    20
         Volatile Blastmot |       |       |     2 ||     2
         Flame Wave        |       |       |     1 ||     1
    Use: Potion            |       |       |     2 ||     2
   Stab: Sleeping          |     6 |    15 |     2 ||    23
         Distracted        |     1 |       |       ||     1
 Armour: Skin              |     2 |     4 |     3 ||     9
  Dodge: Dodged            |    54 |    75 |    25 ||   154
